 Dungeon Crawl Stone Soup version 0.19.5 (webtiles) character file.

65379 Jerry the Severer (level 15, -3/118 HPs)
             Began as a Formicid Abyssal Knight on Mar 12, 2017.
             Was the Champion of Lugonu.
             Slain by a tarantella (7 damage)
             ... on level 4 of the Lair of Beasts on Mar 13, 2017.
             The game lasted 01:47:56 (27805 turns).

Jerry the Severer (Formicid Abyssal Knight)        Turns: 27805, Time: 01:47:56

Health: -3/118     AC: 18    Str: 21    XL:     15   Next: 57%
Magic:  23/24      EV:  5    Int: 12    God:    Lugonu [******]
Gold:   1361       SH:  0    Dex: 10    Spells: 3 memorised, 8 levels left

rFire  . . .     SeeInvis +     D - +6 battleaxe (flame)
rCold  + . .     Gourm    .     r - +2 scale mail {MR+}
rNeg   + . .     Faith    .     P - +2 buckler {rC+}
rPois  +         Spirit   .     (helmet unavailable)
rElec  .         Reflect  +     M - +0 cloak
rCorr  .         Harm     .     L - +2 pair of gloves
MR     ++...                    (no boots)
Stlth  ..........               I - +5 amulet of reflection
                                s - +2 ring of protection
                                Q - ring of positive energy

@: held
A: permanent stasis, dig shafts and tunnels, four strong arms, antennae 3, dopey
1, poison resistance, wild magic 1
a: Dig, Shaft Self, Depart the Abyss, Bend Space, Banish, Corrupt, Enter the
Abyss, Brand Weapon With Distortion, Renounce Religion


You were on level 4 of the Lair of Beasts.
You worshipped Lugonu.
Lugonu was exalted by your worship.
You were very hungry.

You visited 4 branches of the dungeon, and saw 19 of its levels.
You visited the Abyss 1 time.

You collected 1361 gold pieces.

Inventory:

Hand Weapons
 y - the cursed +1 spear of Instinct {protect, rElec Str+8 Dex-5 Stlth+}
   (You found it on level 10 of the Dungeon)

   It protects the one who uses it against injury (+AC on strike).
   It affects your strength (+8).
   It affects your dexterity (-5).
   It insulates you from electricity.
   It makes you more stealthy.
   It has a curse placed upon it.
 D - a +6 battleaxe of flaming (weapon)
 J - a +3 executioner's axe of electrocution
Armour
 q - a +0 shield
 r - a +2 scale mail of magic resistance (worn)
 L - a +2 pair of gloves (worn)
 M - a +0 cloak (worn)
 P - a +2 buckler of cold resistance (worn)
Rods
 B - a +0 rod of inaccuracy (10/10)
   (You took it off a crimson imp on level 6 of the Dungeon)
Jewellery
 k - an uncursed ring of protection from cold
 s - a +2 ring of protection (right hand)
 I - a +5 amulet of reflection (around neck)
 K - an uncursed ring of protection from fire
 Q - a ring of positive energy (left hand)
Wands
 p - a wand of iceblast (7/15)
 t - a wand of lightning (15/15)
 u - a wand of iceblast (7/15)
 v - a wand of random effects (18/48)
 w - a wand of polymorph (13/24)
 T - a wand of flame (33/48)
Scrolls
 e - a scroll of identify
 h - a scroll of amnesia
 l - 5 scrolls of remove curse
 U - a scroll of enchant armour
 V - a scroll of recharging
Potions
 d - 6 potions of cancellation
 j - a potion of magic
 n - 2 potions of resistance
 o - 4 potions of curing
 x - 2 potions of flight
 z - a potion of agility
 A - 2 potions of lignification
 C - 2 potions of cure mutation
 E - 2 potions of ambrosia
 F - a potion of invisibility {unknown}
 H - 5 potions of brilliance {unknown}
 S - a potion of might
 W - 2 potions of degeneration {unknown}
Comestibles
 c - 7 bread rations
 g - 21 fruits
 i - 9 meat rations
 m - 9 royal jellies


   Skills:
 + Level 11.0 Fighting
 * Level 16.4 Axes
 + Level 13.1 Armour
 - Level 0.8 Dodging
 - Level 10.1 Shields
 + Level 12.1 Invocations


You had 8 spell levels left.
You knew the following spells:

 Your Spells              Type           Power        Failure   Level  Hunger
a - Animate Skeleton      Necr           N/A          80%         1    ##.....
b - Regeneration          Chrm/Necr      #.........   99%         3    ####...
c - Repel Missiles        Chrm/Air       #.....       94%         2    ###....


Dungeon Overview and Level Annotations

Branches:
Dungeon (11/15)            Temple (1/1) D:7            Lair (6/6) D:11
  Swamp (0/4) Lair:4       Spider (1/4) Lair:4        Slime (0/5) Lair:5
    Orc (0/2) D:9

Altars:
Ashenzari
Cheibriados
Dithmenos
Elyvilon
Fedhas
Gozag
Hepliaklqana
Kikubaaqudgha
Makhleb
Nemelex Xobeh
Okawaru
Qazlal
Ru
Sif Muna
Trog
Uskayaw
Vehumet
Xom
Yredelemnul
Zin
The Shining One

Shops:
D:4 %


Innate Abilities, Weirdness & Mutations

You are under a permanent stasis effect.
You can dig through walls and to a lower floor.
Your four strong arms can wield two-handed weapons with a shield.
You have a pair of large antennae on your head. (SInv)
You are dopey. (Int -2)
Your system is resistant to poisons. (rPois)
Your spells are a little harder to cast, but a little more powerful.


Message History

The tarantella barely misses you. The wolf spider barely misses you.
The wolf spider bites you.
* * * LOW HITPOINT WARNING * * *
The tarantella bites you.
* * * LOW HITPOINT WARNING * * *
You feel better. The wolf spider hits you!
* * * LOW HITPOINT WARNING * * *
The wolf spider closely misses you.
The tarantella bites you but does no damage.
Space bends around you!
You blink.
You are caught in the web!
* * * LOW HITPOINT WARNING * * *
The wolf spider barely misses you.
The wolf spider bites you but does no damage.
The tarantella bites you but does no damage.
You feel better.
The wolf spider hits you but does no damage.
The wolf spider bites you!
* * * LOW HITPOINT WARNING * * *
The tarantella bites you!
You die...

## #........######....## .##
####.#####.######.+#### ..#
##.......#.(P.#.###....# '###
#..............###.#..## ...#
###.........^^...###..+.##
...####.##.^.^^................##
....##....^....^.^...##........#.
...+...#..^...^..s^^^##.....รท...#
...##.###.^^...>@s.^..#........#.
...#### #.^.^.^^^..............#.
...# ##...^.^.^.^.............
...# ##...^..^..^.##.........#
.P## ##...^..^)..^.####.#.#####
### ##.#.......^...########
##..<.......###.#.# ###
######.#.........###..######.####
.......+........+...............#


You could see a wolf spider and a tarantella.

Vanquished Creatures
  Rupert (Lair:6)
  10 hydras
  The ghost of letownia the Reanimator, a journeyman DDNe of Gozag (D:10)
  3 catoblepae (Lair:6)
  A centaur warrior (D:9)
  Erica (Lair:1)
  The ghost of Jerry the Carver, a novice FoAK of Lugonu (D:8)
  15 death yaks (Lair:6)
  A fire crab (Lair:2)
  Sonja (Lair:1)
  An ugly thing (D:11)
  An oklob plant (Lair:4)
  3 manticores
  3 elephants (Lair:5)
  7 black mambas
  13 spiny frogs
  6 rime drakes
  7 komodo dragons
  A queen bee (Lair:4)
  3 meliai (Lair:4)
  4 polar bears (Lair:6)
  14 blink frogs
  11 hippogriffs
  6 dream sheep
  A shadow (D:11)
  42 yaks
  7 basilisks (Lair:5)
  7 wyverns (Lair:5)
  Grum (Lair:1)
  A mottled dragon (D:11)
  9 water moccasins
  6 porcupines
  A hell hound (Lair:5)
  15 orc warriors
  A hornet zombie (D:10)
  3 phantoms
  2 black bears
  A sky beast (D:6)
  8 ogres
  A necrophage (D:6)
  5 centaurs
  16 wolves
  11 crocodiles
  19 bullfrogs
  A water moccasin zombie (D:7)
  3 scorpions
  30 killer bees
  9 wights
  11 howler monkeys
  3 electric eels (D:9)
  A centaur zombie (D:9)
  6 crimson imps
  6 hounds
  4 jellies
  2 bullfrog skeletons
  2 bullfrog zombies
  A centaur skeleton (D:4)
  7 orc priests
  A gnoll shaman (D:8)
  5 iguanas
  9 orc wizards
  Natasha (thrice) (D:3)
  5 worker ants
  2 killer bee zombies
  A hound zombie (D:5)
  3 hound skeletons
  A worker ant zombie (D:5)
  Robin (D:2)
  A howler monkey zombie (D:7)
  17 adders
  10 gnolls
  3 shadow imps
  4 oozes
  2 adder zombies
  4 worms
  4 dart slugs
  10 leopard geckos
  68 orcs
  10 bats
  7 giant cockroaches
  11 hobgoblins
  13 jackals
  10 kobolds
  4 quokkas
  4 frilled lizards
  20 goblins
  A leopard gecko skeleton (D:4)
  A quokka zombie (D:5)
  9 rats
  A bush (Lair:4)
  6 fungi
609 creatures vanquished.

Vanquished Creatures (collateral kills)
  2 elephants (Lair:5)
2 creatures vanquished.

Vanquished Creatures (others)
  An ice dragon (Lair:6)
  A water moccasin (Lair:5)
  An orc (D:11)
  12 fungi
  12 plants
27 creatures vanquished.

Grand Total: 638 creatures vanquished

Notes
Turn   | Place    | Note
-------+----------+-------------------------------------------
     0 | Abyss:1  | Jerry the Formicid Abyssal Knight began the quest for the Orb.
     0 | Abyss:1  | Reached XP level 1. HP: 18/18 MP: 2/2
     4 | Abyss:1  | Found a corrupted altar of Lugonu.
    56 | D:1      | Escaped the Abyss
   238 | D:1      | Reached XP level 2. HP: 20/24 MP: 3/3
   730 | D:1      | Reached ** piety under Lugonu
   752 | D:1      | Reached XP level 3. HP: 29/29 MP: 4/4
  1322 | D:2      | Reached skill level 3 in Axes
  1373 | D:2      | Reached XP level 4. HP: 32/37 MP: 6/6
  1707 | D:2      | Noticed Robin
  1725 | D:2      | Killed Robin
  1876 | D:2      | Found a sparkling altar of Nemelex Xobeh.
  1876 | D:2      | Found a radiant altar of Vehumet.
  1890 | D:2      | Reached XP level 5. HP: 20/42 MP: 7/7
  1896 | D:2      | Reached *** piety under Lugonu
  3455 | D:3      | Noticed Natasha
  3476 | D:3      | Killed Natasha
  3476 | D:3      | Reached skill level 1 in Shields
  3958 | D:3      | Noticed Natasha
  3963 | D:3      | Killed Natasha
  3963 | D:3      | Reached skill level 4 in Axes
  3963 | D:3      | Reached XP level 6. HP: 29/48 MP: 8/8
  4614 | D:3      | Noticed Natasha
  4639 | D:3      | Killed Natasha
  4939 | D:4      | Reached **** piety under Lugonu
  4971 | D:4      | Found a snail-covered altar of Cheibriados.
  4972 | D:4      | Found a glowing golden altar of the Shining One.
  4972 | D:4      | Found a shimmering altar of Xom.
  4973 | D:4      | Found a blossoming altar of Fedhas.
  5091 | D:4      | Found Ylal's Food Shoppe.
  5504 | D:4      | Noticed an ogre
  5518 | D:4      | Killed an ogre
  5518 | D:4      | Reached XP level 7. HP: 29/54 MP: 10/10
  5528 | D:4      | Reached skill level 5 in Axes
  6558 | D:5      | Entered Level 5 of the Dungeon
  6717 | D:5      | Reached skill level 5 in Invocations
  6882 | D:5      | Reached XP level 8. HP: 30/60 MP: 12/12
  7213 | D:5      | Reached skill level 6 in Axes
  8357 | D:5      | Found a sparkling altar of Nemelex Xobeh.
  8365 | D:5      | Reached XP level 9. HP: 33/65 MP: 14/14
  8851 | D:6      | Reached skill level 5 in Armour
  8863 | D:6      | Reached skill level 7 in Axes
  9216 | D:6      | Learned a level 1 spell: Animate Skeleton
  9220 | D:6      | Learned a level 3 spell: Regeneration
  9377 | D:6      | Reached ***** piety under Lugonu
  9443 | D:6      | Reached skill level 5 in Shields
  9586 | D:7      | Found a staircase to the Ecumenical Temple.
  9707 | D:7      | Noticed a hill giant
  9804 | D:7      | Found a hazy altar of Hepliaklqana.
  9921 | D:7      | Reached skill level 8 in Axes
 10663 | D:8      | Noticed a hippogriff
 10669 | D:8      | Reached XP level 10. HP: 63/71 MP: 15/15
 11125 | D:8      | Reached skill level 9 in Axes
 11295 | D:8      | Noticed Jerry's ghost (novice FoAK)
 12006 | Temple   | Entered the Ecumenical Temple
 12160 | D:8      | Found a deep blue altar of Sif Muna.
 12393 | D:8      | Killed Jerry's ghost
 12836 | D:8      | Gained mutation: Your spells are a little harder to cast, but a little more powerful. [potion of mutation]
 12836 | D:8      | Gained mutation: Your system is resistant to poisons. (rPois) [potion of mutation]
 12836 | D:8      | Gained mutation: You are dopey. (Int -2) [potion of mutation]
 13143 | D:9      | Noticed a centaur warrior
 13157 | D:9      | Killed a centaur warrior
 13157 | D:9      | Reached skill level 10 in Axes
 13250 | D:9      | Found a stormy altar of Qazlal.
 13382 | D:9      | Reached XP level 11. HP: 66/77 MP: 16/16
 14242 | D:9      | Found a shimmering altar of Xom.
 14477 | D:9      | Reached skill level 11 in Axes
 14576 | D:9      | Found a staircase to the Orcish Mines.
 15132 | D:10     | Entered Level 10 of the Dungeon
 15443 | D:10     | Noticed letownia's ghost (journeyman DDNe)
 15465 | D:10     | Killed letownia's ghost
 15915 | D:10     | Got a crystal spear
 15916 | D:10     | Identified the cursed +1 spear of Instinct {protect, rElec Str+8 Dex-5 Stlth+} (You found it on level 10 of the Dungeon)
 16299 | D:11     | Reached ****** piety under Lugonu
 16316 | D:11     | Reached skill level 5 in Fighting
 16323 | D:11     | Identified a +0 rod of inaccuracy (10/10) (You took it off a crimson imp on level 6 of the Dungeon)
 16628 | D:11     | Reached XP level 12. HP: 22/86 MP: 17/17
 16673 | D:10     | Reached skill level 12 in Axes
 17001 | D:10     | Found a burning altar of Makhleb.
 17088 | D:11     | Reached skill level 10 in Shields
 17140 | D:11     | Found a staircase to the Lair.
 17191 | Lair:1   | Entered Level 1 of the Lair of Beasts
 17324 | Lair:1   | Noticed Erica
 17331 | Lair:1   | Noticed Grum
 17348 | Lair:1   | Killed Grum
 17358 | Lair:1   | Killed Erica
 17364 | Lair:1   | Noticed Sonja
 17384 | Lair:1   | Killed Sonja
 17384 | Lair:1   | Reached skill level 10 in Armour
 17909 | Lair:2   | Reached skill level 13 in Axes
 17929 | Lair:2   | Noticed a six-headed hydra
 17939 | Lair:2   | Killed a three-headed hydra
 18725 | Lair:2   | Reached XP level 13. HP: 96/96 MP: 19/19
 18780 | Lair:2   | Noticed a seven-headed hydra
 18787 | Lair:2   | Killed a three-headed hydra
 18865 | Lair:2   | Learned a level 2 spell: Repel Missiles
 19984 | Lair:4   | Found a hole to the Spider Nest.
 20023 | Lair:4   | Noticed a four-headed hydra
 20037 | Lair:4   | Killed a one-headed hydra
 20037 | Lair:4   | Reached skill level 14 in Axes
 20043 | Lair:4   | Found a staircase to the Swamp.
 22259 | Lair:5   | Reached skill level 10 in Invocations
 22272 | Lair:5   | Reached XP level 14. HP: 46/106 MP: 21/21
 22465 | Lair:5   | Found a staircase to the Slime Pits.
 23221 | Lair:5   | Reached skill level 15 in Axes
 23271 | Lair:6   | Entered Level 6 of the Lair of Beasts
 23818 | Lair:6   | Found a frozen archway.
 24165 | Lair:6   | Noticed Rupert
 24176 | Lair:5   | Reached skill level 10 in Fighting
 24345 | Lair:6   | Killed Rupert
 25009 | Lair:5   | Reached XP level 15. HP: 42/115 MP: 21/23
 25829 | Lair:6   | Reached skill level 16 in Axes
 27785 | Spider:1 | Entered Level 1 of the Spider Nest
 27803 | Lair:4   | HP: 4/118 [wolf spider (11)]
 27805 | Lair:4   | Slain by a tarantella

Skill      XL: |  1  2  3  4  5  6  7  8  9 10 11 12 13 14 15 |
---------------+----------------------------------------------+-----
Axes           | 3 4 5 6 8 10 11 13 14 15 16 | 16.4
Invocations    | 3 4 5 6 7 8 10 11 12 | 12.1
Fighting       | 4 5 7 8 10 11 | 11.0
Shields        | 1 2 3 4 6 8 9 10 | 10.1
Armour         | 3 4 6 7 9 10 11 12 13 | 13.1
Dodging        | |  0.8

Action                   |  1- 3 |  4- 6 |  7- 9 | 10-12 | 13-15 || total
-------------------------+-------+-------+-------+-------+-------++-------
Melee: Hand axe          |   102 |   239 |   477 |   459 |       ||  1277
       Battleaxe         |       |       |     3 |   408 |   764 ||  1175
       Executioner's axe |       |       |       |       |     9 ||     9
 Fire: Hunting sling     |       |     7 |       |       |       ||     7
       Blowgun           |       |       |     7 |       |       ||     7
Invok: Bend Space        |       |       |       |       |     2 ||     2
       Banish            |       |       |       |       |     1 ||     1
 Abil: Dig               |       |     1 |     7 |     6 |     5 ||    19
Evoke: Rod               |       |       |       |     1 |       ||     1
       Wand              |       |       |       |     2 |     3 ||     5
  Use: Potion            |       |       |     1 |     7 |     6 ||    14
       Scroll            |       |       |       |    23 |     8 ||    31
 Stab: Sleeping          |     1 |       |       |       |       ||     1
       Distracted        |       |       |     1 |       |     1 ||     2
       Petrified         |       |       |       |       |     6 ||     6
  Eat: Chunk             |     2 |    13 |    18 |    24 |    22 ||    79
       Pizza             |       |       |       |     2 |       ||     2
       Royal jelly       |       |       |       |       |     2 ||     2
       Beef jerky        |       |       |       |       |     2 ||     2
       Fruit             |       |       |       |       |     1 ||     1
Armor: Leather armour    |    22 |    38 |    15 |       |       ||    75
       Chain mail        |       |       |   206 |   198 |       ||   404
       Mottled dragon sc |       |       |       |    22 |       ||    22
       Scale mail        |       |       |       |    50 |   268 ||   318
       Skin              |       |       |       |       |    18 ||    18
Dodge: Dodged            |    71 |   125 |   203 |   194 |   184 ||   777
Block: Shield            |       |       |       |   414 |   518 ||   932
       Reflection        |       |       |       |    11 |       ||    11
       Buckler           |       |       |       |       |     8 ||     8
